 Dungeon Crawl Stone Soup version 0.21.0-3-g78d12a8 (webtiles) character file.

337 MDvedh the Conjurer (level 6, 0/32 HPs)
             Began as a Vine Stalker Conjurer on Jan 10, 2018.
             Was an Initiate of Wu Jian.
             Slain by a slave (5 damage)
             ... led by Pikel
             ... on level 4 of the Dungeon.
             The game lasted 00:08:51 (4439 turns).

MDvedh the Conjurer (Vine Stalker Conjurer)         Turns: 4439, Time: 00:08:53

Health: 0/32       AC: 12    Str: 12    XL:     6   Next: 54%
Magic:  0/10       EV:  3    Int: 15    God:    Wu Jian [......]
Gold:   161        SH:  0    Dex: 15    Spells: 8/9 levels left

rFire    . . .     SeeInvis .   f - +0 short sword
rCold    . . .     Gourm    .   (no shield)
rNeg     . . .     Faith    .   m - +1 plate armour
rPois    .         Spirit   +   (no helmet)
rElec    .         Reflect  .   (no cloak)
rCorr    .         Harm     .   (no gloves)
MR       .....                  (no boots)
Stlth    ..........             (no amulet)
HPRegen  0.50/turn              (no ring)
MPRegen  0.12/turn              (no ring)

@: no status effects
A: fangs 2, regeneration 1, magic shield, antimagic bite, no potion heal 3, rot
immunity
a: Renounce Religion


You were on level 4 of the Dungeon.
You worshipped Wu Jian.
Wu Jian was noncommittal.
You were not hungry.

You visited 2 branches of the dungeon, and saw 5 of its levels.

You collected 161 gold pieces.

Inventory:

Hand Weapons
 d - a +0 club
 e - a +0 dagger
 f - a +0 short sword (weapon)
 r - a +0 mace
Armour
 a - a +0 robe
 m - a +1 plate armour (worn)
Scrolls
 o - a scroll of amnesia
 p - a scroll of identify
 s - a scroll of teleportation {unknown}
 t - a scroll of noise {unknown}
 v - 2 scrolls of random uselessness {unknown}
Potions
 g - 4 potions of brilliance
 h - a potion of lignification {unknown}
 i - a potion of berserk rage {unknown}
 j - a potion of curing
 k - a potion of heal wounds {unknown}
 l - a potion of haste
 n - a potion of ambrosia {unknown}
 q - a potion of might {unknown}
 u - a potion of magic {unknown}
Books
 b - a book of Conjurations

   Spells                             Type                      Level
   a - Magic Dart                     Conjuration                  1
   b - Searing Ray                    Conjuration                  2
   c - Dazzling Spray                 Conjuration/Hexes            3
   d - Fulminant Prism                Conjuration/Hexes            4
   e - Force Lance                    Conjuration/Translocation    4
   f - Iskenderun's Mystic Blast      Conjuration                  4
Comestibles
 c - 5 rations


   Skills:
 + Level 3.2 Fighting
 + Level 3.6 Armour
 - Level 2.3 Dodging
 - Level 2.4 Stealth
 - Level 2.1 Spellcasting
 - Level 4.0 Conjurations


You had 8 spell levels left.
You knew the following spells:

 Your Spells              Type           Power        Failure   Level  Hunger
a - Magic Dart            Conj           ##..         100%        1    #......


Dungeon Overview and Level Annotations

Branches:
Dungeon (4/15)             Temple (1/1) D:4

Altars:
Hepliaklqana
Kikubaaqudgha
Ru
Trog
Vehumet
Wu Jian
Xom
The Shining One


Innate Abilities, Weirdness & Mutations

You have extremely sharp teeth.
Your natural rate of healing is unusually fast.
When hurt, damage is shared between your health and your magic reserves.
Your bite disrupts and absorbs the magic of your enemies.
Potions cannot restore your health.
You are immune to rotting.


Message History

The slave hits you but does no damage.
You miss the slave. Your bite misses the slave.
The slave is heavily wounded.
The slave hits you but does no damage. The slave hits you.
* * * LOW HITPOINT WARNING * * *
The slave shouts!
You closely miss the slave. You bite the slave, but do no damage.
The slave is heavily wounded.
The slave hits you but does no damage. The slave hits you.
* * * LOW HITPOINT WARNING * * *
You hit the slave but do no damage. Your bite misses the slave.
The slave is heavily wounded.
The slave hits you but does no damage. The slave hits you.
You hit the slave. You bite the slave. You drain its power.
You feel invigorated.
The slave is severely wounded.
The slave hits you.
* * * LOW HITPOINT WARNING * * *
The slave hits you!
You die...

#....#####.# #.......##.#
#.# #....##.##.# ##.##
####.##.##.###...#########
#.......# .....#.>.....
#.......# ... #.######
#.##.##.# #.# #.#
#.##.##.####.###.#
#.##..@p.........#
#.#####p####.#####
###.......# #.#
#......p### #.# #.#####.#
#.# #.# #.# #.#
#.#####.######.###.###
#...........)........#
#.......######.###...


You could see 2 slaves.

Vanquished Creatures
  2 slaves (D:3)
  An ogre (D:4)
  An orc priest (D:3)
  A bullfrog skeleton (D:4)
  An iguana (D:1)
  A worker ant (D:4)
  4 gnolls
  4 adders
  A worm (D:2)
  2 dart slugs
  A leopard gecko (D:1)
  6 orcs
  5 bats
  3 giant cockroaches
  9 goblins
  7 hobgoblins
  A quokka (D:2)
  2 ball pythons
  5 frilled lizards
  8 kobolds
  5 rats
70 creatures vanquished.

Notes
Turn   | Place    | Note
-------+----------+-------------------------------------------
     0 | D:1      | MDvedh the Vine Stalker Conjurer began the quest for the Orb.
     0 | D:1      | Reached XP level 1. HP: 9/9 MP: 4/4
    80 | D:1      | Reached skill level 1 in Fighting
    82 | D:1      | Reached XP level 2. HP: 5/14 MP: 0/6
   783 | D:1      | Reached XP level 3. HP: 12/18 MP: 4/7
  1932 | D:2      | Gained mutation: Your natural rate of healing is unusually fast. [Vine Stalker growth]
  1932 | D:2      | Reached XP level 4. HP: 23/23 MP: 8/8
  2271 | D:1      | Reached skill level 1 in Armour
  2446 | D:2      | Found a sacrificial altar of Ru.
  2463 | D:2      | HP: 1/23 [bat (1)]
  2572 | D:1      | Reached XP level 5. HP: 15/27 MP: 1/9
  3400 | D:3      | Found an ornate altar of the Wu Jian Council.
  3412 | D:3      | Became a worshipper of the Wu Jian Council
  3871 | D:4      | Reached XP level 6. HP: 22/32 MP: 10/10
  3996 | D:4      | Found a staircase to the Ecumenical Temple.
  4000 | Temple   | Entered the Ecumenical Temple
  4078 | D:4      | Noticed Pikel
  4078 | D:4      | Noticed a slave
  4078 | D:4      | Noticed a slave
  4120 | D:4      | Noticed a slave
  4122 | D:4      | Noticed a slave
  4265 | D:3      | Killed a slave
  4367 | D:3      | Killed a slave
  4439 | D:4      | Slain by a slave

Skill      XL: |  1  2  3  4  5  6 |
---------------+-------------------+-----
Fighting       | 1 2 3 |  3.2
Dodging        | 2 |  2.3
Armour         | 2 3 |  3.6
Stealth        | |  2.4
Spellcasting   | |  2.1
Conjurations   | |  4.0

Action                   |  1- 3 |  4- 6 || total
-------------------------+-------+-------++-------
Melee: Dagger            |     9 |       ||     9
       Bite              |    27 |    85 ||   112
       Short sword       |   114 |   292 ||   406
 Cast: Magic Dart        |    11 |    15 ||    26
Invok: Lunge             |       |     3 ||     3
  Use: Scroll            |       |     7 ||     7
       Potion            |       |     2 ||     2
 Stab: Sleeping          |     4 |     3 ||     7
  Eat: Chunk             |     1 |     4 ||     5
       Ration            |     1 |     1 ||     2
Armor: Robe              |    26 |    16 ||    42
       Plate armour      |       |   129 ||   129
Dodge: Dodged            |    89 |    95 ||   184
